 Dungeon Crawl Stone Soup version 0.20.1-1-g8b1a95d (console) character file.

2666 Kloppie the Cleaver (level 9, 0/72 HPs)
             Began as a Demonspawn Fighter on July 20, 2017.
             Was a Believer of Okawaru.
             Succumbed to a worker ant's poison
             ... on level 6 of the Dungeon.
             The game lasted 00:09:04 (5688 turns).

Kloppie the Cleaver (Demonspawn Fighter)            Turns: 5688, Time: 00:09:04

Health: 0/72       AC: 10    Str: 18    XL:     9   Next: 37%
Magic:  9/9        EV: 14    Int: 11    God:    Okawaru [**....]
Gold:   65         SH:  0    Dex: 18    Spells: 8/8 levels left

rFire    . . .     SeeInvis .   a - +4 war axe
rCold    . . .     Gourm    .   (no shield)
rNeg     . . .     Faith    .   b - +0 scale mail
rPois    .         Spirit   .   (no helmet)
rElec    .         Reflect  .   (no cloak)
rCorr    .         Harm     .   (no gloves)
MR       .....                  (no boots)
Stlth    +.........             (no amulet)
Regen    0.3/turn               (no ring)
MPRegen  0.2/turn               (no ring)

@: agile, lethally poisoned (0 -> -1)
A: hooves 1, icy blue scales 2, powered by pain 1, rot immunity
a: Heroism, Renounce Religion


You were on level 6 of the Dungeon.
You worshipped Okawaru.
Okawaru was pleased with you.
You were not hungry.

You visited 2 branches of the dungeon, and saw 7 of its levels.
You also visited: Sewer.

You collected 254 gold pieces.
You spent 189 gold pieces at shops.

Inventory:

Hand Weapons
 a - a +4 war axe (weapon)
 x - the +8 morningstar of Jiynkon {crush, Int+4}
   (You bought it in a shop on level 5 of the Dungeon)

   It inflicts extra damage upon your enemies.
   It affects your intelligence (+4).
Armour
 b - a +0 scale mail (worn)
 c - a +0 shield
Wands
 g - a wand of polymorph (18/24)
Scrolls
 h - a scroll of amnesia
 i - a scroll of remove curse
 m - 5 scrolls of teleportation
 t - a scroll of fog
Potions
 d - 2 potions of mutation
 e - a potion of flight
 j - a potion of ambrosia
 k - a potion of haste
 n - 3 potions of curing
 q - a potion of resistance
 r - a potion of heal wounds {unknown}
 s - 2 potions of invisibility {unknown}
 u - 2 potions of brilliance {unknown}
 v - a potion of degeneration {unknown}
Comestibles
 f - 3 bread rations
 l - 4 meat rations
 o - 2 royal jellies
 p - 2 fruits


   Skills:
 - Level 7.1 Fighting
 + Level 8.7 Axes
 + Level 6.2 Armour
 - Level 2.6 Shields


You had 8 spell levels left.
You didn't know any spells.

Dungeon Overview and Level Annotations

Branches:
Dungeon (6/15)             Temple (1/1) D:4

Altars:
Ashenzari
Cheibriados
Dithmenos
Elyvilon
Fedhas
Okawaru
Qazlal
Ru
Sif Muna
Trog
Uskayaw
Vehumet
Xom
Yredelemnul
Zin
The Shining One

Shops:
D:4 =   D:5 (


Innate Abilities, Weirdness & Mutations

You have large cloven feet.
You are mostly covered in icy blue scales. (AC +3)
You sometimes gain a little power by taking damage.
You are immune to rotting.


Message History

The orc warrior hits you with a dire flail of protection!
You hit the orc.
You kill the orc!
Okawaru accepts your kill.
You hit the orc warrior but do no damage.
The orc warrior hits you with a dire flail of protection!!
* * * LOW HITPOINT WARNING * * *
You focus on the pain.
You feel agile all of a sudden.
You are too injured to fight recklessly!
You are too injured to fight recklessly!
You are too injured to fight recklessly!
You hit the orc warrior.
You kick the orc warrior, but do no damage.
The orc warrior is moderately wounded.
The orc warrior hits you with a dire flail of protection!!
* * * LOW HITPOINT WARNING * * *
You barely miss the orc warrior.
The orc warrior is moderately wounded.
You die...

#### ###.##.........# ....
..............#
###..###.##..##.....#
...................##
##..............###
....##..##..#...####.# ##
#...................
#.#.......o[........
..#.........@.......# .
..#.#...............+ .
#.#.#.#.#..#........# ..
#.#.#.#.##.#........## (..
#.#..........)........
...##.#.#.#..#.#...##+######
.............#.#..[(........
........#.#..#.#....<.......
#####.###.##.#.#............


You could see an orc warrior.

Vanquished Creatures
  Pikel (D:5)
  Grinder (D:4)
  Sigmund (D:3)
  Eustachio (D:4)
  Edmund (D:5)
  Duvessa (D:5)
  4 ice beasts (D:5)
  2 slaves (D:5)
  A sky beast (D:4)
  An orc warrior (D:5)
  A phantom (D:4)
  The ghost of koorschki the Sneak, an amateur DsAs (D:3)
  2 centaurs
  Dowan (D:5)
  A crimson imp (D:5)
  A hound (D:5)
  5 orc wizards
  A quasit (D:5)
  A bullfrog skeleton (D:5)
  An orc priest (D:5)
  An iguana (D:5)
  4 worker ants
  A hound skeleton (D:5)
  A howler monkey skeleton (D:4)
  6 adders
  A shadow imp (D:5)
  7 oozes
  An adder skeleton (D:4)
  4 worms (Sewer)
  A dart slug (D:2)
  8 leopard geckos
  9 orcs
  14 bats
  6 giant cockroaches
  9 goblins
  12 hobgoblins
  4 jackals (Sewer)
  4 quokkas
  4 ball pythons
  2 frilled lizards
  A jackal skeleton (D:5)
  6 kobolds
  6 rats
141 creatures vanquished.

Vanquished Creatures (others)
  A slave (D:5)
  A worker ant (D:5)
2 creatures vanquished.

Grand Total: 143 creatures vanquished

Notes
Turn   | Place    | Note
-------+----------+-------------------------------------------
     0 | D:1      | Kloppie the Demonspawn Fighter began the quest for the Orb.
     0 | D:1      | Reached XP level 1. HP: 18/18 MP: 1/1
    21 | D:1      | Reached skill level 2 in Axes
   339 | D:1      | Gained mutation: You are partially covered in icy blue scales. (AC +2) [demonic ancestry]
   339 | D:1      | Reached XP level 2. HP: 23/24 MP: 2/2
   642 | D:1      | Reached XP level 3. HP: 24/29 MP: 3/3
  1304 | D:2      | Reached skill level 3 in Axes
  1306 | D:2      | Gained mutation: You have large cloven feet. [demonic ancestry]
  1306 | D:2      | Reached XP level 4. HP: 21/37 MP: 4/4
  1999 | D:3      | Noticed koorschki's ghost (amateur DsAs)
  2005 | D:3      | Killed koorschki's ghost
  2005 | D:3      | Reached skill level 4 in Axes
  2005 | D:3      | Reached XP level 5. HP: 43/43 MP: 5/5
  2009 | D:3      | Reached skill level 5 in Fighting
  2338 | D:3      | Noticed Sigmund
  2358 | D:3      | Killed Sigmund
  2358 | D:3      | Reached XP level 6. HP: 18/51 MP: 6/6
  2670 | D:3      | Found a snail-covered altar of Cheibriados.
  2772 | D:4      | Found a shattered altar of Ashenzari.
  2788 | D:4      | Found Ginureur's Jewellery Shoppe.
  2805 | D:4      | Noticed a sky beast
  2816 | D:4      | Killed a sky beast
  2816 | D:4      | Reached skill level 5 in Axes
  2816 | D:4      | Gained mutation: You are mostly covered in icy blue scales. (AC +3) [demonic ancestry]
  2816 | D:4      | Reached XP level 7. HP: 27/58 MP: 7/7
  2975 | D:4      | Found a staircase to the Ecumenical Temple.
  2975 | D:4      | Noticed Eustachio
  2991 | D:4      | Killed Eustachio
  3007 | D:4      | Noticed Grinder
  3017 | D:4      | Killed Grinder
  3029 | Temple   | Entered the Ecumenical Temple
  3223 | Temple   | Became a worshipper of Warmaster Okawaru
  3305 | D:4      | Reached skill level 6 in Axes
  3364 | D:4      | Found a glowing drain.
  3368 | Sewer    | Entered a sewer
  3754 | Sewer    | Gained mutation: You are immune to rotting. [demonic ancestry]
  3754 | Sewer    | Reached XP level 8. HP: 48/67 MP: 8/8
  4038 | D:5      | Entered Level 5 of the Dungeon
  4437 | D:5      | Noticed Pikel
  4460 | D:5      | Killed Pikel
  4460 | D:5      | Reached * piety under Okawaru
  4460 | D:5      | Reached ** piety under Okawaru
  4460 | D:5      | Reached skill level 7 in Axes
  4460 | D:5      | Reached skill level 5 in Armour
  4566 | D:5      | Found a white marble altar of Elyvilon.
  4611 | D:5      | Noticed Dowan
  4614 | D:5      | Noticed Duvessa
  4614 | D:5      | Killed Dowan
  4627 | D:5      | Killed Duvessa
  4827 | D:5      | Found Eshraschie's Antique Weapon Shop.
  4841 | D:5      | Bought a fine morningstar for 189 gold pieces
  4842 | D:5      | Identified the +8 morningstar of Jiynkon {crush, Int+4} (You bought it in a shop on level 5 of the Dungeon)
  4873 | D:5      | Reached skill level 8 in Axes
  4873 | D:5      | Gained mutation: You sometimes gain a little power by taking damage. [demonic ancestry]
  4873 | D:5      | Reached XP level 9. HP: 72/72 MP: 9/9
  4923 | D:5      | Noticed Edmund
  4940 | D:5      | Killed Edmund
  5687 | D:6      | HP: 1/72 [orc warrior/dire flail of protection (22)]
  5688 | D:6      | Succumbed to a worker ant's poison

Skill      XL: |  1  2  3  4  5  6  7  8  9 |
---------------+----------------------------+-----
Axes           | 2 3 4 5 6 8 |  8.7
Fighting       | 4 5 6 7 |  7.1
Armour         | 5 6 |  6.2
Shields        | |  2.6

Action                   |  1- 3 |  4- 6 |  7- 9 || total
-------------------------+-------+-------+-------++-------
Melee: War axe           |   121 |   112 |   239 ||   472
       Kick              |       |    24 |    37 ||    61
  Use: Potion            |       |     1 |     4 ||     5
       Scroll            |       |     5 |    12 ||    17
  Eat: Chunk             |     1 |     5 |    10 ||    16
Armor: Scale mail        |    70 |    61 |   108 ||   239
       Skin              |       |       |    25 ||    25
Dodge: Dodged            |    77 |    46 |   109 ||   232
